 Dungeon Crawl Stone Soup version 0.20-b1-24-gb21faa7 (webtiles) character file.

744 KeyserSoze the Skirmisher (level 7, -3/42 HPs)
             Began as a Vine Stalker Berserker on May 25, 2017.
             Was a Priest of Trog.
             Slain by an ogre
             ... wielding a +0 giant club
              (14 damage)
             ... on level 4 of the Dungeon.
             The game lasted 00:15:06 (3271 turns).

KeyserSoze the Skirmisher (Vine Stalker Berserker)  Turns: 3271, Time: 00:15:07

Health: -3/42      AC: 11    Str: 19      XL:     7   Next: 76%
Magic:  0/8        EV:  8    Int:  4 (7)  God:    Trog [***...]
Gold:   101        SH:  0    Dex: 15 (16) Spells: 6/6 levels left

rFire    . . .     SeeInvis .   g - +0 hand axe (venom)
rCold    + . .     Gourm    .   (no shield)
rNeg     . . .     Faith    .   v - +0 chain mail
rPois    .         Spirit   +   s - +2 hat
rElec    .         Reflect  .   (no cloak)
rCorr    .         Harm     .   f - +0 pair of gloves
MR       .....                  (no boots)
Stlth    ..........             (no amulet)
Regen    0.6/turn               j - ring of protection from cold
MPRegen  0.2/turn               (no ring)

@: no status effects
A: fangs 2, regeneration 1, magic shield, antimagic bite, no potion heal 3, rot
immunity
a: Berserk, Trog's Hand, Burn Spellbooks, Renounce Religion


You were on level 4 of the Dungeon.
You worshipped Trog.
Trog was most pleased with you.
You were not hungry.

You visited 1 branch of the dungeon, and saw 4 of its levels.

You collected 101 gold pieces.

Inventory:

Hand Weapons
 g - a +0 hand axe of venom (weapon)
 p - a cursed -2 dagger
Missiles
 l - 16 arrows
 w - 23 bolts
Armour
 f - a +0 pair of gloves (worn)
 s - a +2 hat (worn)
 v - a +0 chain mail (worn)
Jewellery
 j - a ring of protection from cold (left hand)
Scrolls
 a - a scroll of fear
 e - 2 scrolls of identify
 k - 2 scrolls of remove curse
 q - a scroll of random uselessness
 x - 2 scrolls of teleportation
Potions
 b - a potion of cancellation {unknown}
 d - a potion of brilliance {unknown}
 h - 2 potions of haste
 i - a potion of heal wounds
 n - a potion of flight {unknown}
 r - a potion of degeneration
 u - a potion of mutation {unknown}
Comestibles
 c - 5 bread rations
 m - a royal jelly
 o - a meat ration
 t - 10 chunks of flesh


   Skills:
 + Level 7.5 Fighting
 + Level 3.4 Axes
 * Level 2.2 Armour
 - Level 1.7 Dodging


You had 6 spell levels left.
You didn't know any spells.

Dungeon Overview and Level Annotations

Branches:
Dungeon (4/15)
 Temple: D:4-7

Altars:
Nemelex Xobeh

Shops:
D:4 (


Innate Abilities, Weirdness & Mutations

You have extremely sharp teeth.
Your natural rate of healing is unusually fast.
When hurt, damage is shared between your health and your magic reserves.
Your bite disrupts and absorbs the magic of your enemies.
Potions cannot restore your health.
You are immune to rotting.


Message History

You bite the ogre, but do no damage. The ogre hits you with a giant club!
You closely miss the ogre. You bite the ogre. You drain its power.
You feel invigorated.
The ogre is moderately wounded.
The ogre hits you with a giant club!!
* * * LOW HITPOINT WARNING * * *
You hit the ogre. Your bite misses the ogre.
The ogre is heavily wounded.
You closely miss the ogre. You bite the ogre. You drain its power.
You feel invigorated.
The ogre is heavily wounded.
The ogre closely misses you.
You hit the ogre but do no damage.
The ogre is poisoned.
Your bite misses the ogre.
The ogre is heavily wounded.
The ogre hits you with a giant club.
* * * LOW HITPOINT WARNING * * *
There is a stone staircase leading down here.
The ogre hits you with a giant club!!
You die...

######## ####### #......#
#.....# #......# #.###.##
#......###)###..#
#............#..# #
#.##.####'######.#.#..#.##
.......(O@.......#.#......
..######)....#####.#.#..##
#.............##..#
#....#######..# #..
##....# #..+ #. #.<..#
##.# # #....# #.# #....#
#.# #....# #..


You could see an ogre.

Vanquished Creatures
  The ghost of FakerFangirl the Cudgeler, an amateur DrFi (D:3)
  2 ogres (D:4)
  A centaur (D:4)
  A scorpion (D:4)
  A hound (D:3)
  Jessica (D:2)
  Terence (D:2)
  Natasha (thrice) (D:3)
  3 gnolls (D:3)
  3 adders
  An ooze (D:2)
  5 worms
  2 dart slugs
  A leopard gecko (D:2)
  3 orcs (D:3)
  10 bats
  3 giant cockroaches
  8 goblins
  9 hobgoblins
  6 jackals (D:1)
  A quokka (D:3)
  3 frilled lizards
  7 kobolds
  6 rats
82 creatures vanquished.

Notes
Turn   | Place    | Note
-------+----------+-------------------------------------------
     0 | D:1      | KeyserSoze the Vine Stalker Berserker began the quest for the Orb.
     0 | D:1      | Reached XP level 1. HP: 11/11 MP: 2/2
   284 | D:1      | Reached XP level 2. HP: 13/16 MP: 3/3
   412 | D:1      | Reached skill level 3 in Fighting
   533 | D:1      | Found a sparkling altar of Nemelex Xobeh.
   686 | D:1      | Reached XP level 3. HP: 20/20 MP: 4/4
  1139 | D:2      | Noticed Terence
  1148 | D:2      | Killed Terence
  1439 | D:2      | Noticed Jessica
  1450 | D:2      | Killed Jessica
  1450 | D:2      | Reached skill level 4 in Fighting
  1450 | D:2      | Gained mutation: Your natural rate of healing is unusually fast. [Vine Stalker growth]
  1450 | D:2      | Reached XP level 4. HP: 25/25 MP: 5/5
  1544 | D:2      | Reached ** piety under Trog
  2076 | D:3      | Reached XP level 5. HP: 28/30 MP: 6/6
  2241 | D:3      | Noticed Natasha
  2253 | D:3      | Killed Natasha
  2253 | D:3      | Reached skill level 5 in Fighting
  2702 | D:3      | Noticed FakerFangirl's ghost (amateur DrFi)
  2707 | D:3      | Reached XP level 6. HP: 34/35 MP: 7/7
  2726 | D:3      | Killed FakerFangirl's ghost
  2726 | D:3      | Reached skill level 6 in Fighting
  2859 | D:3      | Noticed Natasha
  2868 | D:3      | Killed Natasha
  2868 | D:3      | Reached *** piety under Trog
  2970 | D:3      | Noticed Natasha
  2981 | D:3      | Killed Natasha
  2981 | D:3      | Reached XP level 7. HP: 37/41 MP: 8/8
  3120 | D:4      | Reached skill level 7 in Fighting
  3191 | D:4      | Found Beittot's Antique Weapon Boutique.
  3271 | D:4      | Slain by an ogre

Skill      XL: |  1  2  3  4  5  6  7 |
---------------+----------------------+-----
Axes           | 3 |  3.4
Fighting       | 3 4 5 6 7 |  7.5
Armour         | 2 |  2.2
Dodging        | |  1.7

Action                   |  1- 3 |  4- 6 |  7- 9 || total
-------------------------+-------+-------+-------++-------
Melee: Hand axe          |    81 |   131 |    31 ||   243
       Bite              |    26 |    48 |    17 ||    91
Invok: Berserk           |       |     1 |       ||     1
  Use: Scroll            |       |     9 |     1 ||    10
       Potion            |       |       |     6 ||     6
  Eat: Chunk             |     1 |     6 |     1 ||     8
Armor: Scale mail        |    54 |     6 |       ||    60
       Chain mail        |       |    77 |    11 ||    88
Dodge: Dodged            |    80 |    67 |    12 ||   159
